 Dungeon Crawl Stone Soup version 0.17-a0-2215-g49c1de0 (webtiles) character file.

249 youngkai the Chopper (level 5, -2/72 HPs)
             Began as a Minotaur Berserker on Oct 27, 2015.
             Was a Believer of Trog.
             Slain by Sigmund
             ... wielding a +5 scythe of freezing
              (6 damage)
             ... on level 4 of the Dungeon.
             The game lasted 00:05:34 (2370 turns).

youngkai the Chopper (Minotaur Berserker)           Turns: 2370, Time: 00:05:34

Health: -2/72      AC:  5    Str: 27    XL:     5   Next: 86%
Magic:  4/4        EV: 11    Int:  4    God:    Trog [**....]
Gold:   124        SH:  0    Dex: 10    Spells: 0 memorised, 4 levels left

rFire  . . .     SeeInvis .     a - +0 hand axe
rCold  . . .     Clarity  .     k - +0 ring mail (curse)
rNeg   . . .     SustAt   .     (no shield)
rPois  .         Gourm    .     (helmet restricted)
rElec  .         Spirit   .     (no cloak)
rCorr  .         Warding  .     (no gloves)
rMut   .         Stasis   .     (no boots)
MR     ++...                    (no amulet)
Stlth  ..........               (no ring)
                                (no ring)

@: berserking, regenerating, very quick, very resistant to hostile enchantments,
extremely unstealthy
A: retaliatory headbutt, horns 2
a: Berserk, Trog's Hand, Burn Spellbooks, Renounce Religion


You were on level 4 of the Dungeon.
You worshipped Trog.
Trog was pleased with you.
You were not hungry.

You visited 1 branch of the dungeon, and saw 4 of its levels.

You collected 124 gold pieces.

Inventory:

Hand Weapons
 a - a +0 hand axe (weapon)
Armour
 b - a +0 animal skin
 k - a cursed +0 ring mail (worn)
Scrolls
 e - 2 scrolls of teleportation {unknown}
 h - a scroll of enchant armour {unknown}
 j - 4 scrolls of identify {unknown}
 m - a scroll of magic mapping {unknown}
 q - 3 scrolls of noise {unknown}
 r - a scroll of random uselessness {unknown}
Potions
 d - 2 potions of heal wounds {unknown}
 f - 2 potions of cure mutation {unknown}
 g - a potion of might {unknown}
 i - a potion of invisibility {unknown}
 l - 3 potions of curing {unknown}
 n - a potion of lignification {unknown}
 p - a potion of resistance {unknown}
Books
 o - a book of Annihilations

   Spells                             Type                      Level
   a - Poison Arrow                   Conjuration/Poison           6
   b - Chain Lightning                Conjuration/Air              8
   c - Lehudib's Crystal Spear        Conjuration/Earth            8
   d - Glaciate                       Conjuration/Ice              9
   e - Fire Storm                     Conjuration/Fire             9
   Trog disapproves of the use of such an item.
Comestibles
 c - 4 bread rations
 t - 2 fruits


   Skills:
 + Level 5.2 Fighting
 * Level 6.1 Axes
 + Level 4.1 Armour
 - Level 2.1 Dodging


You had 4 spell levels left.
You didn't know any spells.

Dungeon Overview and Level Annotations

Branches:
Dungeon (4/15)
 Temple: D:4-7

Altars:
Fedhas
Nemelex Xobeh
Okawaru
Trog
Vehumet

Shops:
D:4 [

Annotations:
D:4 Sigmund


Innate Abilities, Weirdness & Mutations

You reflexively headbutt those who attack you in melee.
You have a pair of horns on your head.


Message History

You slash the gnoll!
You feel the power of Trog in you as your rage grows.
You kill the gnoll!
Trog accepts your kill.
The gnoll throws a throwing net.
The throwing net hits you.
You become entangled in the net!
Something hits you! Something freezes you.
* * * LOW HITPOINT WARNING * * *
The gnoll hits you from afar with a spear.
* * * LOW HITPOINT WARNING * * *
You are too injured to fight recklessly!
Unknown command.
You are too injured to fight recklessly!
You slice into the net. You slice the net and break free!
You feel a strong urge to attack something.
The gnoll closely misses you.
You barely miss the gnoll. Your headbutt misses the gnoll. Something hits you!
* * * LOW HITPOINT WARNING * * *
Something freezes you.
You die...

#..#....#..#
#...#
##.#....#..#
#...#
#......#..#
#...#
##..####..#
#...#
#..####..####
#...#
##.##.......#
#...#
#..#g{.....#
#...#
#..#††.....#
#...##
#...@g..#
#...#.
#........#
#####...#.
#........#
#.......#.
#........#
#.####.<#.
#........#
#.#.....#.
#..###...#
#.#.##..#.
####_#####
#.#.....#.
##.#.##
#.#####.#.
#...#[# #.#
#.#.


You could see 2 gnolls.

Vanquished Creatures
  A centaur skeleton (D:4)
  A hound (D:4)
  3 worker ants (D:4)
  2 gnolls (D:4)
  2 adders
  An ooze (D:1)
  3 giant geckos
  2 orcs
  4 giant cockroaches
  12 goblins
  12 hobgoblins
  5 jackals (D:2)
  2 quokkas
  2 ball pythons
  A ball python skeleton (D:4)
  4 bats
  2 giant newts
  4 kobolds
  9 rats
72 creatures vanquished.

Notes
Turn   | Place    | Note
--------------------------------------------------------------
     0 | D:1      | youngkai the Minotaur Berserker began the quest for the Orb.
     0 | D:1      | Reached XP level 1. HP: 19/19 MP: 0/0
   205 | D:1      | Reached skill level 4 in Axes
   297 | D:1      | Reached XP level 2. HP: 25/27 MP: 1/1
   638 | D:2      | Found a faded altar to an unknown god.
   643 | D:2      | Reached XP level 3. HP: 33/33 MP: 2/2
   709 | D:2      | Found a bloodstained altar of Trog.
   803 | D:2      | Reached ** piety under Trog
  1028 | D:2      | Found a blossoming altar of Fedhas.
  1203 | D:3      | Reached skill level 5 in Axes
  1297 | D:3      | Reached XP level 4. HP: 41/41 MP: 3/3
  1300 | D:3      | Found a radiant altar of Vehumet.
  1348 | D:3      | Found a sparkling altar of Nemelex Xobeh.
  1862 | D:4      | Found an iron altar of Okawaru.
  1941 | D:4      | Reached XP level 5. HP: 25/47 MP: 4/4
  2220 | D:4      | Reached skill level 5 in Fighting
  2233 | D:4      | Found Tilocisk's Armour Emporium.
  2340 | D:4      | Reached skill level 6 in Axes
  2361 | D:4      | Noticed Sigmund
  2370 | D:4      | Slain by Sigmund

Vault maps used:
D:1:      minmay_arrival_up_and_down
D:2:      lemuel_doored_altar, ecumenical_altar_2, st_stairs_1, fedhas_altar_4
D:3:      lemuel_crystal_altar, first_bread, nemelex_xobeh_ov_fountains_minmay
D:4:      marbit_many_paths, serial_shops, shop_fountains, uniq_sigmund

Action                   |  1- 3 |  4- 6 || total
-------------------------+-------+-------++-------
Melee: Hand axe          |   104 |    53 ||   157
Invok: Berserk           |       |     1 ||     1
       Trog's Hand       |       |     1 ||     1
  Eat: Chunk             |     1 |     4 ||     5
